 Dungeon Crawl Stone Soup version 0.32-a0-791-gfc315c9ecd (webtiles) character file.

Game seed: 12094199788808028079

107 porpoise the Poker (level 4, -3/35 HPs)
             Began as a Demonspawn Gladiator on Mar 21, 2024.
             Slain by a gnoll
             ... wielding a +0 spear
              (7 damage)
             ... on level 3 of the Dungeon.
             The game lasted 00:05:05 (2123 turns).

porpoise the Poker (Demonspawn Gladiator)           Turns: 2123, Time: 00:05:05

Health: -3/35      AC:  6    Str: 16    XL:     4   Next: 57%
Magic:  4/4        EV: 11    Int:  8    God:
Gold:   108        SH:  0    Dex: 15    Spells: 3/3 levels left

rFire   . . .        a - +0 trident
rCold   . . .        (no shield)
rNeg    + . .        j - +0 leather armour
rPois   .            c - +0 helmet
rElec   .            (no cloak)
rCorr   .            (no gloves)
SInv    .            (no boots)
Will    .....        (no amulet)
Stlth   +            x - ring of positive energy
HPRegen 0.25/turn    (no ring)
MPRegen 0.09/turn

%: no passive effects
@: no status effects
A: yellow scales 1, spiny 1
a: no special abilities


You were on level 3 of the Dungeon.
You visited 1 branch of the dungeon, and saw 3 of its levels.

You collected 108 gold pieces.

Inventory:

Hand Weapons
 a - a +0 trident (weapon)
 b - a +0 sling
Missiles
 d - 3 throwing nets (quivered)
 e - a javelin
 o - 10 poisoned darts
Armour
 c - a +0 helmet (worn)
 j - a +0 leather armour (worn)
Jewellery
 x - a ring of positive energy (left hand)
Scrolls
 f - a scroll of acquirement {unknown}
 l - a scroll of brand weapon {unknown}
 m - a scroll of fear
 n - a scroll of fog {unknown}
 q - a scroll of vulnerability {unknown}
 s - 2 scrolls of identify {unknown}
 u - a scroll of teleportation {unknown}
 w - a scroll of revelation {unknown}
 y - a scroll of poison {unknown}
Potions
 g - 2 potions of curing {unknown}
 h - 2 potions of heal wounds {unknown}
 i - a potion of might {unknown}
 k - a potion of mutation {unknown}
 p - a potion of attraction {unknown}
 r - 3 potions of enlightenment {unknown}
 t - a potion of invisibility {unknown}
 v - a potion of resistance {unknown}
 z - a potion of lignification {unknown}


   Skills:
 + Level 3.2 Fighting
 * Level 4.3 Polearms
 - Level 1.7 Throwing
 - Level 2.6 Dodging


You had 3 spell levels left.
You didn't know any spells.
Your spell library contained the following spells:

 Spells                   Type           Power      Damage    Failure   Level
 Blink                    Tloc           0%         N/A       63%         2
 Lesser Beckoning         Tloc           0%         N/A       63%         2
 Momentum Strike          Conj/Tloc      0%         3d8       63%         2


Dungeon Overview and Level Annotations

Branches:
Dungeon (3/15)

Altars:


Innate Abilities, Weirdness & Mutations

You are partially covered in yellow scales. (AC +2)
You are partially covered in sharp spines.


Message History

The ball python barely misses you.
You puncture the ball python!
You kill the ball python!
No target in view!
No target in view!
A gnoll comes into view. It is wielding a +0 flail.
The gnoll shouts!
You hear a shout! x2
A gnoll comes into view. It is wielding a +0 spear.
An adder comes into view.
You see here a ball python corpse.
You reach to attack!
You hit the gnoll.
The gnoll is lightly wounded.
You barely miss the gnoll.
The gnoll is lightly wounded.
The gnoll hits you but does no damage.
A frilled lizard comes into view.
You hit the gnoll.
The gnoll is heavily wounded.
The gnoll hits you with a +0 flail!
You hit the gnoll.
The gnoll is almost dead.
A gnoll comes into view. It is wielding a +0 halberd.
A rat comes into view.
The gnoll hits you with a +0 flail! The gnoll closely misses you.
You are too injured to fight recklessly!
You are too injured to fight recklessly!
Unknown command.
You are too injured to fight recklessly!
You are too injured to fight recklessly!
The rat squeaks loudly.
You puncture the dart slug!
You kill the dart slug!
The gnoll hits you from afar with a +0 spear.
The gnoll hits you with a +0 flail!
* * * LOW HITPOINT WARNING * * *
You hit the gnoll.
You kill the gnoll!
The gnoll hits you but does no damage.
The gnoll hits you from afar with a +0 spear!
You die...

..†......# #.# .........#
####.###############
.........####....>....>........#
..............#####.#########..#
...############ #...[..# ####
...# .##~~. #...†..# .###
#..~~.###....## ...#
##.~~~~#......#≈ ####
...~~~≈@)......≈~
...~~~≈#......#≈≈~
#..~~.###g...###.~ .#.~~~
.l....# ≈~ ...~~ ..r....≈ ...~~
.w...S#~ ..P~ ....## #### .##.
..... ...# ......


You could see a gnoll, an adder (wandering), a frilled lizard and a rat.

Vanquished Creatures
  4 gnolls
  An adder (D:3)
  2 dart slugs (D:3)
  3 ribbon worms
  5 endoplasms
  3 giant cockroaches
  3 goblins
  7 hobgoblins
  2 quokkas
  7 ball pythons
  4 bats
  3 frilled lizards (D:1)
  10 kobolds
  4 rats
58 creatures vanquished.

Notes
Turn   | Place    | Note
-------+----------+-------------------------------------------
     0 | D:1      | porpoise the Demonspawn Gladiator began the quest for the
                  | Orb.
     0 | D:1      | Reached XP level 1. HP: 16/16 MP: 1/1
    90 | D:1      | Reached skill level 3 in Polearms
   100 | D:1      | Gained mutation: You are partially covered in yellow
                  | scales. (AC +2) [demonic ancestry]
   100 | D:1      | Reached XP level 2. HP: 22/22 MP: 2/2
   836 | D:2      | Reached XP level 3. HP: 25/28 MP: 3/3
  1259 | D:2      | Gained mutation: You are partially covered in sharp spines.
                  | [demonic ancestry]
  1259 | D:2      | Reached XP level 4. HP: 35/35 MP: 4/4
  1281 | D:2      | Reached skill level 4 in Polearms
  2009 | D:3      | Found Dakhes's Book Boutique.
  2123 | D:3      | Slain by a gnoll

Illustrated notes

Levels and vault maps discovered:
D:1:      wander_arrival_desolate, layout_rooms, supply_closet_lemuel,
          minmay_split_cup_small
D:2:      layout_loops_corners
D:3:      wad_lake_hut, layout_loops_ring, fedhas_altar_4, serial_shops,
          nicolae_lakefront_shop, nicolae_figureground_sparkle

Skill      XL: |  1  2  3  4 |
---------------+-------------+-----
Polearms       | 3 4 |  4.3
Fighting       | 3 |  3.2
Throwing       | |  1.7
Dodging        | |  2.6

Action                     |  1- 3 |  4- 6 || total
---------------------------+-------+-------++-------
  Melee: Trident           |   109 |    56 ||   165
   Fire: Sling             |     8 |       ||     8
    Use: Scroll            |       |     1 ||     1
   Stab: Sleeping          |     3 |     3 ||     6
 Armour: Leather armour    |    44 |    24 ||    68
  Dodge: Dodged            |    52 |    15 ||    67

Table legend: (Time is in decaauts)
 A = Elapsed time spent in this place.
 B = Non-inter-level travel time spent in this place.
 C = Inter-level travel time spent in this place.
 D = Time resting spent in this place.
 E = Time spent auto-exploring this place.
 F = Levels seen in this place.
 G = Mean time per level.
                   A        B        C        D        E       F      G
               +--------+--------+--------+--------+--------+-----+--------+
         Total |   2143 |   2070 |     73 |    267 |   1411 |   3 |  714.3 |
       Dungeon |   2143 |   2070 |     73 |    267 |   1411 |   3 |  714.3 |
               +--------+--------+--------+--------+--------+-----+--------+

Top non-repeatable levels by time:
     D:2: 963 daAuts
     D:1: 781 daAuts
     D:3: 398 daAuts
